AoeStats
← Jumala

Pilgrims

509397101Analyzed
2v2 RM · 6d ago on Sep 26, 2026· 79m 2s· 4 players
Game mode
Random Map
Map size
Medium (4 player)
Population
200
Speed
Normal
Resources
Standard
Victory
Conquest
Starting age
Dark Age
Ending age
Imperial Age
RankedLock teamsTeams togetherTeam positionsShared explorationLock speedFull tech treeHidden civsTurbo modeCheats
Victory
Defeat
🇩🇪 Japanese · Germany
1052
+18
🇩🇪 Varangians · Germany
1050
+18
🇨🇴 Hindustanis · Colombia
1094
-18
🇨🇴 Wu · Colombia
1087
-18
Jumala
11:23 Feudal Age
15:54 Castle Age
14:50 Gold Mining
16:13 Double-Bit Axe
17:04 Medium Warships
17:35 Fletching
17:56 Forging
17:47 Loom
24:59 Horse Collar
28:16 Iron Casting
28:26 Stone Mining
29:34 Scale Mail Armor
32:49 Heavy Plow
35:15 Chain Mail Armor
39:00 Imperial Age
36:19 Town Watch
37:10 Wheelbarrow
39:35 Padded Archer Armor
39:31 Bodkin Arrow
40:56 Elite Samurai
42:44 Gold Shaft Mining
43:33 Blast Furnace
43:04 Plate Mail Armor
42:51 Leather Archer Armor
42:36 Bracer
42:03 Elite Skirmisher
42:49 Thumb Ring
46:16 Chemistry
45:36 Ballistics
45:12 Murder Holes
48:39 Ring Archer Armor
64:47 Arson
69:23 Heavy Warships
lucky
9:53 Feudal Age
13:38 Castle Age
11:38 Loom
13:37 Double-Bit Axe
15:25 Wheelbarrow
17:44 Horse Collar
21:57 Scale Barding Armor
23:48 Scale Mail Armor
24:02 Forging
25:51 Gold Mining
26:36 Pikeman
29:10 Chain Barding Armor
29:26 Iron Casting
28:51 Scale Mail Armor
33:15 Imperial Age
30:47 Gambesons
31:03 Squires
32:49 Chain Mail Armor
34:04 Stone Mining
34:11 Arson
35:04 Plate Barding Armor
35:19 Elite Jarl
37:10 Ballistics
39:37 Halberdier
42:48 Hand Cart
43:42 Blast Furnace
43:22 Plate Mail Armor
48:08 Elite Varangian Guard
56:08 Town Watch
64:39 Heavy Plow
73:10 Elite Longship
76:25 Chemistry
75:31 Siege Engineers
76:14 Shipwright
76:06 Clinker Construction
76:09 Careening
Alosk8
4:31 Loom
10:09 Feudal Age
10:50 Double-Bit Axe
11:15 Fishing Lines
17:38 Castle Age
17:25 Wheelbarrow
17:04 Fletching
17:14 Padded Archer Armor
17:26 Forging
17:16 Scale Mail Armor
18:15 Demolition Ship
19:07 Medium Warships
20:21 Bodkin Arrow
21:48 Medium Warships
23:24 Bow Saw
23:14 Horse Collar
24:08 Gold Mining
25:44 Hand Cart
28:36 Gold Shaft Mining
28:45 Heavy Plow
33:18 Imperial Age
32:04 Gillnets
33:32 Heavy Camel Rider
35:10 Stone Mining
36:03 Iron Casting
35:33 Scale Barding Armor
36:25 Conscription
35:29 Imperial Camel Rider
38:48 Two-Man Saw
38:48 Chain Barding Armor
39:38 Blast Furnace
41:51 Plate Barding Armor
41:26 Man-at-Arms
43:15 Chain Mail Armor
44:03 Chemistry
43:25 Ballistics
43:11 Light Cavalry
44:02 Bloodlines
43:30 Pikeman
44:11 Squires
43:57 Arson
47:10 Elite Skirmisher
48:02 Bracer
56:22 Hussar
59:56 Leather Archer Armor
DAVIJO90
3:55 Loom
11:33 Feudal Age
11:37 Man-at-Arms
12:16 Double-Bit Axe
14:48 Gold Mining
17:21 Castle Age
16:10 Bloodlines
17:04 Scale Barding Armor
17:09 Forging
17:30 Fishing Lines
19:45 Wheelbarrow
19:15 Husbandry
19:46 Gillnets
22:19 Iron Casting
22:48 Pikeman
23:30 Squires
25:58 Stone Mining
26:54 Arson
27:50 Scale Mail Armor
27:15 Elite Skirmisher
29:52 Chain Mail Armor
32:04 Chain Barding Armor
32:42 Hand Cart
36:45 Imperial Age
37:42 Heavy Hei Guang Cavalry
38:20 Heavy Hei Guang Cavalry
Connection lost

Rejoining the realm…

Still unreachable

The connection could not be restored.

Session expired

The server has moved on; the page needs a fresh start.